 Dungeon Crawl Stone Soup version 0.28.0-43-g3370ac3207 (webtiles) character file.

Game seed: 4833642713067086512

70 gzilladon the Chopper (level 4, -2/40 HPs)
             Began as a Hill Orc Monk on Mar 29, 2022.
             Slain by a gnoll
             ... wielding a +0 spear
              (5 damage)
             ... on level 2 of the Dungeon.
             The game lasted 00:07:40 (2326 turns).

gzilladon the Chopper (Hill Orc Monk)               Turns: 2326, Time: 00:07:41

Health: -2/40      AC:  4    Str: 15    XL:     4   Next: 22%
Magic:  4/4        EV:  6    Int: 10    God:
Gold:   65         SH:  0    Dex: 13    Spells: 3/3 levels left

rFire   . . .      SeeInvis .   a - +0 hand axe
rCold   . . .      Faith    .   (no shield)
rNeg    . . .      Spirit   .   k - +0 leather armour
rPois   .          Reflect  .   (no helmet)
rElec   .          Harm     .   (no cloak)
rCorr   .          Rampage  .   (no gloves)
Will    .....                   o - +0 pair of boots
Stlth   ++........              (no amulet)
HPRegen 0.13/turn               (no ring)
MPRegen 0.09/turn               (no ring)

@: held
A: no striking features
a: no special abilities


You were on level 2 of the Dungeon.
You visited 1 branch of the dungeon, and saw 2 of its levels.

You collected 65 gold pieces.

Inventory:

Hand Weapons
 a - a +0 hand axe (weapon)
Missiles
 c - 4 javelins (quivered)
 d - 37 stones
 h - 28 bolts
Armour
 b - a +0 robe
 k - a +0 leather armour (worn)
 o - a +0 pair of boots (worn)
Scrolls
 f - a scroll of holy word {unknown}
 i - a scroll of brand weapon {unknown}
 j - 2 scrolls of identify {unknown}
 m - a scroll of amnesia {unknown}
 n - a scroll of vulnerability {unknown}
Potions
 e - 2 potions of ambrosia


   Skills:
 + Level 4.1 Fighting
 * Level 5.5 Axes
 * Level 0.9 Armour
 + Level 2.6 Dodging
 + Level 1.7 Stealth


You had 3 spell levels left.
You didn't know any spells.
Your spell library contained the following spells:

 Spells                   Type           Power      Damage    Failure   Level
 Shock                    Conj/Air       0%         1d3       43%         1
 Swiftness                Air            0%         N/A       80%         3
 Airstrike                Air            0%         N/A       99%         4


Dungeon Overview and Level Annotations

Branches:
Dungeon (2/15)

Altars:


Message History

The gnoll hits you from afar with a +0 spear.
The gnoll hits you from afar with a +0 spear.
* * * LOW HITPOINT WARNING * * *
The gnoll hits you but does no damage.
The gnoll hits you from afar with a +0 spear.
* * * LOW HITPOINT WARNING * * *
The gnoll hits you but does no damage.
The gnoll hits you from afar with a +0 spear.
* * * LOW HITPOINT WARNING * * *
The gnoll completely misses you.
The gnoll hits you from afar with a +0 spear.
* * * LOW HITPOINT WARNING * * *
The gnoll hits you from afar with a +0 spear.
* * * LOW HITPOINT WARNING * * *
The gnoll completely misses you. The gnoll barely misses you.
The gnoll hits you from afar with a +0 spear.
* * * LOW HITPOINT WARNING * * *
Your transformation is almost over.
The gnoll hits you but does no damage.
The gnoll hits you from afar with a +0 spear.
* * * LOW HITPOINT WARNING * * *
The gnoll hits you but does no damage.
The gnoll hits you from afar with a +0 spear.
* * * LOW HITPOINT WARNING * * *
You tear a large gash into the net.
The gnoll hits you but does no damage.
You struggle against the net.
The gnoll hits you but does no damage.
You rip the net and break free!
The gnoll hits you but does no damage.
A gnoll is nearby!
The gnoll hits you but does no damage.
The gnoll throws a throwing net.
The throwing net hits you.
You become entangled in the net!
You feel less wooden.
Your +0 pair of boots unmelds from your body.
Your +0 leather armour unmelds from your body.
The gnoll barely misses you. The gnoll barely misses you.
You tear a large gash into the net.
The gnoll hits you from afar with a +0 spear.
You die...

..)#.#######.##
#≈≈≈###.#..# .....#
#.# #.### ####..
#.#..# #.# #.# ##
#†#..# #.# #.# .....#
... #####'..#
#.#.####. ### #.#.#.#.
......... #....#
#.#.####. #.)g# ..#.#
#.# #@)####.## ### #
#.# #......... # #.#
######.####.## # ##.#
#......# # ..#
#.###..# ########.#
#.# #.....
......##.###.###..####
..................#
###################


You could see a gnoll.

Vanquished Creatures
  2 gnolls (D:2)
  3 worms (D:2)
  2 dart slugs
  8 ball pythons
  3 endoplasms
  3 giant cockroaches (D:1)
  2 goblins (D:2)
  3 hobgoblins (D:2)
  2 quokkas
  5 bats
  3 frilled lizards (D:1)
  A kobold (D:1)
  A rat (D:1)
38 creatures vanquished.

Notes
Turn   | Place    | Note
-------+----------+-------------------------------------------
     0 | D:1      | gzilladon the Hill Orc Monk began the quest for the Orb.
     0 | D:1      | Reached XP level 1. HP: 19/19 MP: 1/1
   453 | D:1      | Reached XP level 2. HP: 25/27 MP: 2/2
   887 | D:1      | Reached XP level 3. HP: 33/33 MP: 3/3
  1536 | D:2      | Reached skill level 5 in Axes
  1998 | D:2      | Found a faded altar of an unknown god.
  2279 | D:2      | Reached XP level 4. HP: 40/40 MP: 4/4
  2326 | D:2      | Slain by a gnoll

Illustrated notes

Levels and vault maps discovered:
D:1:      evilmike_arrival_rings, layout_basic
D:2:      layout_loops_ring, basic_ecumenical_altar, serial_rivers,
          chequers_serial_rivers_micro_b, chequers_serial_rivers_room_a,
          chequers_serial_rivers_large_b, chequers_serial_rivers_small_b,
          chequers_serial_rivers_small_3, minmay_worlds_worst_comb

Skill      XL: |  1  2  3 |
---------------+----------+-----
Fighting       | 4 |  4.1
Axes           | 5 |  5.5
Armour         | |  0.9
Dodging        | |  2.6
Stealth        | |  1.7

Action                   |  1- 3 |  4- 6 || total
-------------------------+-------+-------++-------
Melee: Hand axe          |   138 |     1 ||   139
       Punch             |     1 |       ||     1
  Use: Potion            |     3 |       ||     3
 Stab: Sleeping          |     2 |       ||     2
Armor: Robe              |     4 |       ||     4
       Leather armour    |    20 |       ||    20
       Skin              |    14 |    24 ||    38
Dodge: Dodged            |    97 |     5 ||   102
